 Seeded DCSS version 0.30.1 (webtiles) character file.

Game seed: 6351066067085065685 (custom seed)

973 Esekla the Grave Robber (level 7, -4/36 HPs)
             Began as a Deep Elf Necromancer on July 11, 2023.
             Was a Believer of Vehumet.
             Slain by Pikel
             ... wielding a +1 whip of flaming
              (7 damage)
             ... on level 6 of the Dungeon.
             The game lasted 00:21:27 (4473 turns).

Esekla the Grave Robber (Deep Elf Necromancer)      Turns: 4473, Time: 00:21:28

Health: -4/36      AC:  4    Str:  5    XL:     7   Next: 94%
Magic:  6/19       EV: 14    Int: 22    God:    Vehumet [**....]
Gold:   287        SH:  0    Dex: 18    Spells: 12/19 levels left

rFire   . . .        a - +5 rapier of the Hero {heavy, rN+ Dex+3}
rCold   . . .        (no shield)
rNeg    + . .        n - +0 robe
rPois   .            h - +0 helmet
rElec   .            (no cloak)
rCorr   .            k - +0 pair of gloves
SInv    .            (no boots)
Will    .....        z - amulet of magic regeneration
Stlth   +++          (no ring)
HPRegen 0.26/turn    (no ring)
MPRegen 0.56/turn

%: no passive effects
@: no status effects
A: no striking features
a: Renounce Religion


You were on level 6 of the Dungeon.
You worshipped Vehumet.
Vehumet was pleased with you.
You visited 1 branch of the dungeon, and saw 7 of its levels.

You collected 287 gold pieces.

Inventory:

Hand Weapons
 a - the +5 rapier of the Hero (weapon) {heavy, rN+ Dex+3}
   (You found it on level 3 of the Dungeon)

   Dex:       It affects your dexterity (+3).
   rN:        It protects you from negative energy.
 r - a +0 trident
 y - a +2 vampiric dagger
Missiles
 t - 8 poisoned darts (quivered)
Armour
 h - a +0 helmet (worn)
 k - a +0 pair of gloves (worn)
 n - a +0 robe (worn)
Jewellery
 z - an amulet of magic regeneration (around neck)
Wands
 o - a wand of roots (16)
 C - a wand of flame (15)
Scrolls
 e - 3 scrolls of fear {unknown}
 f - 5 scrolls of identify {unknown}
 g - a scroll of blinking {unknown}
 m - a scroll of immolation {unknown}
 q - 2 scrolls of fog {unknown}
 u - 2 scrolls of amnesia {unknown}
 v - a scroll of enchant armour {unknown}
 w - 3 scrolls of enchant weapon {unknown}
 x - a scroll of silence {unknown}
 B - a scroll of magic mapping {unknown}
 D - a scroll of teleportation {unknown}
Potions
 b - a potion of magic
 c - a potion of haste {unknown}
 d - a potion of ambrosia {unknown}
 i - a potion of mutation {unknown}
 j - 6 potions of curing {unknown}
 l - 2 potions of attraction {unknown}
 p - a potion of heal wounds {unknown}
 s - 3 potions of brilliance {unknown}
 A - a potion of lignification {unknown}


   Skills:
 + Level 2.4 Short Blades
 + Level 0.1 Throwing
 * Level 4.6 Dodging
 + Level 4.5 Stealth
 * Level 6.7 Spellcasting
 * Level 7.5 Necromancy
 * Level 3.1 Translocations


You had 12 spell levels left.
You knew the following spells:

 Your Spells              Type           Power      Damage    Failure   Level
a - Necrotise             Necr           100%       1d9       1%          1
d - Vampiric Draining     Necr           40%        2d8       1%          3
t - Teleport Other        Tloc           21%        N/A       7%          3

Your spell library contained the following spells:

 Spells                   Type           Power      Damage    Failure   Level
 Momentum Strike          Conj/Tloc      28%        3d8       7%          2
 Lesser Beckoning         Tloc           42%        N/A       3%          2
 Animate Dead             Necr           40%        N/A       3%          4
 Gell's Gravitas          Tloc           21%        N/A       7%          3
 Agony                    Necr           40%        N/A       11%         5
 Spider Form              Tmut/Pois      7%         N/A       26%         3
 Cause Fear               Hex            3%         N/A       63%         4
 Summon Mana Viper        Hex/Summ       7%         N/A       93%         5


Dungeon Overview and Level Annotations

Branches:
Dungeon (7/15)
 Temple: D:4-7

Altars:
Dithmenos
Hepliaklqana
Okawaru
Qazlal
Trog
Vehumet
Zin
The Shining One

Shops:
D:2 =   D:4 (

Annotations:
D:6 Pikel


Message History

Pikel burns you. The grasping roots constrict you.
Casting: Vampiric Draining (safe; 1% risk of failure)
Confirm with . or Enter, or press ? or * to list all spells.
Aiming: Vampiric Draining (safe; 1% risk of failure)
Press: ? - help, Shift-Dir - straight line, f/p - Pikel
Aim: Pikel, wielding a +1 whip of flaming, wearing a +0 robe and carrying a wand of roots (6) (moderately wounded)
You draw life force from Pikel!
You feel life coursing into your body.
Pikel hits you with a +1 whip of flaming!
Pikel burns you. The grasping roots constrict you!
A lemure comes into view.
The grasping roots release their grip on you.
Casting: Vampiric Draining (safe; 1% risk of failure)
Confirm with . or Enter, or press ? or * to list all spells.
Aiming: Vampiric Draining (safe; 1% risk of failure)
Press: ? - help, Shift-Dir - straight line, f/p - Pikel
Aim: Pikel, wielding a +1 whip of flaming, wearing a +0 robe and carrying a wand of roots (6) (heavily wounded)
You draw life force from Pikel!
You feel life coursing into your body.
The lemure shouts!
Pikel hits you with a +1 whip of flaming!
* * * LOW HITPOINT WARNING * * *
Pikel burns you.
* * * LOW HITPOINT WARNING * * *
Casting: Vampiric Draining (safe; 1% risk of failure)
Confirm with . or Enter, or press ? or * to list all spells.
Aiming: Vampiric Draining (safe; 1% risk of failure)
Press: ? - help, Shift-Dir - straight line, f/p - Pikel
Aim: Pikel, wielding a +1 whip of flaming, wearing a +0 robe and carrying a wand of roots (6) (severely wounded)
You draw life force from Pikel.
You feel life coursing into your body.
Pikel hits you with a +1 whip of flaming.
* * * LOW HITPOINT WARNING * * *
Pikel burns you.
* * * LOW HITPOINT WARNING * * *
Casting: Vampiric Draining (safe; 1% risk of failure)
Confirm with . or Enter, or press ? or * to list all spells.
Aiming: Vampiric Draining (safe; 1% risk of failure)
Press: ? - help, Shift-Dir - straight line, f/p - Pikel
Aim: Pikel, wielding a +1 whip of flaming, wearing a +0 robe and carrying a wand of roots (6) (severely wounded)
You draw life force from Pikel.
You feel life coursing into your body.
Pikel hits you with a +1 whip of flaming!
You die...

#.#.#...#.######.###.
.#..K..... #.###.
......... #)#...
#........ #>#.##
#)....... #.#.##
#5....... #.....
#5####### ###.##
#K########### #.#
#.@.........# #.#
#.#...#.###.####.#
#.....#..........#
##################


You could see Pikel and 2 lemures.

Vanquished Creatures
  An ice beast (D:6)
  A black bear (D:2)
  An ogre (D:5)
  2 scorpions (D:5)
  A gnoll bouda (D:4)
  4 hounds
  A sleepcap (D:5)
  4 iguanas
  14 gnolls
  8 adders
  2 white imps
  A worm (D:4)
  3 dart slugs
  11 orcs
  6 ball pythons
  4 bats
  4 endoplasms
  8 goblins
  5 hobgoblins
  A quokka (D:1)
  4 frilled lizards
  5 kobolds
  A rat (D:2)
92 creatures vanquished.

Notes
Turn   | Place    | Note
-------+----------+-------------------------------------------
     0 | D:1      | Esekla the Deep Elf Necromancer began the quest for the
                  | Orb.
     0 | D:1      | Reached XP level 1. HP: 10/10 MP: 6/6
   161 | D:1      | Reached skill level 5 in Necromancy
   309 | D:4      | Found an iron altar of Okawaru.
   321 | D:4      | Found a glowing silver altar of Zin.
   390 | D:4      | Found a radiant altar of Vehumet.
   394 | D:4      | Became a worshipper of Vehumet
   516 | D:3      | Reached XP level 2. HP: 7/15 MP: 8/8
   618 | D:3      | Identified the +5 rapier of the Hero {heavy, rN+ Dex+3}
   728 | D:2      | Found Renulab's Jewellery Shop.
   972 | D:1      | Reached XP level 3. HP: 18/18 MP: 9/9
   976 | D:1      | Learned a level 3 spell: Vampiric Draining
  1331 | D:2      | Reached XP level 4. HP: 19/24 MP: 7/11
  1353 | D:2      | Noticed a black bear
  1460 | D:2      | Found a faded altar of an unknown god.
  1491 | D:2      | Reached skill level 1 in Short Blades
  1531 | D:2      | Reached * piety under Vehumet
  1531 | D:2      | Offered knowledge of Kiss of Death by Vehumet.
  1535 | D:2      | Killed a black bear
  1536 | D:2      | Reached skill level 1 in Translocations
  1536 | D:2      | Reached XP level 5. HP: 28/28 MP: 8/13
  1602 | D:2      | Reached skill level 6 in Necromancy
  2197 | D:3      | Found a stormy altar of Qazlal.
  2200 | D:3      | Found a hazy altar of Hepliaklqana.
  2200 | D:3      | Found a bloodstained altar of Trog.
  2228 | D:3      | Learned a level 3 spell: Teleport Other
  2568 | D:4      | Reached XP level 6. HP: 25/32 MP: 4/15
  2850 | D:4      | Found Ponaysk's Antique Weapon Boutique.
  3116 | D:4      | Reached skill level 5 in Spellcasting
  3319 | D:4      | Reached ** piety under Vehumet
  3380 | D:4      | Offered knowledge of Momentum Strike by Vehumet.
  3499 | D:4      | Found a glowing golden altar of the Shining One.
  3522 | D:5      | Entered Level 5 of the Dungeon
  3557 | D:5      | Found a shadowy altar of Dithmenos.
  3617 | D:5      | Got the Parchment of the Lumpy Olives
  3854 | D:5      | Reached skill level 7 in Necromancy
  3854 | D:5      | Reached XP level 7. HP: 31/36 MP: 11/17
  4201 | D:6      | Noticed Pikel
  4472 | D:6      | HP: 1/36 [Pikel/+1 whip of flaming (1)]
  4473 | D:6      | Slain by Pikel

Illustrated notes

Levels and vault maps discovered:
D:1:      sevenhm_arrival_forest_fort_small_3, layout_rooms,
          chequers_serial_rivers_room_b, minmay_misc_feat_five
D:2:      layout_loops_ring, dreamdust_ecumenical_altar_angels_and_demons,
          serial_shops, shop
D:3:      layout_basic, grunt_temple_overflow_open, minmay_misc_feat_iff
D:4:      layout_basic, nicolae_overflow_quartered_altars, serial_shops,
          nicolae_diamond_shop
D:5:      layout_loops_ring, lemuel_doored_altar, minmay_misc_feat_rows,
          dreamdust_wishing_well
D:6:      layout_loops_cross, fedhas_altar_fruit_tree,
          minmay_temple_entry_glass, uniq_pikel, uniq_blork_the_orc
D:7:      layout_basic, uniq_menkaure, uniq_joseph, uniq_crazy_yiuf_cottage

Skill      XL: |  1  2  3  4  5  6  7 |
---------------+----------------------+-----
Necromancy     | 5 6 7 |  7.5
Dodging        | 3 4 |  4.6
Stealth        | 3 4 |  4.5
Short Blades   | 1 2 |  2.4
Spellcasting   | 4 5 6 |  6.7
Translocations | 1 2 3 |  3.1
Throwing       | |  0.1

Action                     |  1- 3 |  4- 6 |  7- 9 || total
---------------------------+-------+-------+-------++-------
  Melee: Dagger            |    14 |       |       ||    14
         Short sword       |    11 |       |       ||    11
         Unarmed           |     9 |       |       ||     9
         Punch             |     1 |     1 |       ||     2
         Rapier            |    32 |    54 |    21 ||   107
  Throw: Dart              |       |     7 |       ||     7
   Cast: Vampiric Draining |     4 |    31 |    19 ||    54
         Teleport Other    |       |       |     5 ||     5
   Stab: Sleeping          |     5 |     8 |     5 ||    18
         Distracted        |     1 |       |       ||     1
 Armour: Robe              |    10 |    18 |     8 ||    36
  Dodge: Dodged            |    38 |    59 |    33 ||   130
